 Dungeon Crawl Stone Soup version 0.32-a0-519-g08f29ac1c3 (webtiles) character file.

Game seed: 10703890884860712912

123119 inmateoo the Impaler (level 16, -2/127 HPs)
             Began as a Coglin Gladiator on Feb 28, 2024.
             Was the Champion of the Shining One.
             Slain by a goliath frog (11 damage)
             ... on level 1 of the Swamp.
             The game lasted 00:33:17 (26339 turns).

inmateoo the Impaler (Coglin Gladiator)            Turns: 26339, Time: 00:33:18

Health: -2/127     AC: 16    Str: 25    XL:     16   Next: 89%
Magic:  24/24      EV: 20    Int:  7    God:    the Shining One [******]
Gold:   1236       SH:  5    Dex: 23    Spells: 15/15 levels left

rFire   + . .        Q - +3 trishula (holy) {Shu}
rCold   + + +        G - +4 trident of Valiance {freeze, rElec Dex+6}
rNeg    + + +        h - +2 ring mail {rC+}
rPois   +            j - +2 helmet
rElec   +            F - +0 cloak {rCorr}
rCorr   +            E - +0 pair of gloves {Str+3}
SInv    .            g - +1 pair of boots of Goxaurid {rPois rC+}
Will    +....        p - amulet of reflection
Stlth   +            (ring unavailable)
HPRegen 0.41/turn    (ring unavailable)
MPRegen 0.19/turn

%: reflection
@: corroded, glowing, revving
A: cold resistance 1, fire resistance 1, off-hand wielding, slow wielding,
warmup strikes, no rings
a: Renounce Religion, Divine Shield, Cleansing Flame, Summon Divine Warrior


You were on level 1 of the Swamp.
You worshipped the Shining One.
The Shining One was exalted by your worship.
You visited 5 branches of the dungeon, and saw 24 of its levels.
You also visited: Gauntlet.

You collected 2521 gold pieces.
You spent 1285 gold pieces at shops.

Inventory:

Hand Weapons
 G - the +4 trident of Valiance (offhand) {freeze, rElec Dex+6}
   (You took it off a spriggan on level 11 of the Dungeon)

   Dex+6:     It affects your dexterity (+6).
   rElec:     It insulates you from electricity.
 Q - a +3 trishula of holy wrath (weapon) {Shu}
Missiles
 d - 6 throwing nets
 e - 18 javelins (quivered)
Armour
 g - the +1 pair of boots of Goxaurid (worn) {rPois rC+}
   (You found it on level 9 of the Dungeon)

   rC+:       It protects you from cold.
   rPois:     It protects you from poison
 h - a +2 ring mail of cold resistance (worn)
 j - a +2 helmet (worn)
 E - a +0 pair of gloves of strength (worn)
 F - a +0 cloak of preservation (worn)
Jewellery
 p - an amulet of reflection (around neck)
Wands
 m - a wand of acid (4)
 u - a wand of digging (5)
 v - a wand of flame (89)
 w - a wand of paralysis (50)
 y - a wand of iceblast (20)
Scrolls
 r - 2 scrolls of identify
 t - 13 scrolls of teleportation
 A - 2 scrolls of poison
 B - 3 scrolls of fog
 C - a scroll of revelation
 I - 4 scrolls of enchant armour
 J - 3 scrolls of brand weapon
 P - a scroll of blinking
Potions
 a - 12 potions of curing
 c - 4 potions of attraction
 k - 5 potions of lignification
 l - 8 potions of brilliance
 n - 5 potions of might
 o - 6 potions of mutation
 q - 6 potions of haste
 x - a potion of resistance
 z - 2 potions of cancellation
 D - a potion of ambrosia
 L - 2 potions of magic
 N - 2 potions of enlightenment
 O - 2 potions of heal wounds
 R - a potion of berserk rage
Miscellaneous
 H - a phantom mirror
 K - a box of beasts


   Skills:
 + Level 12.0 Fighting
 + Level 15.2 Polearms
 - Level 1.7 Throwing
 + Level 11.7 Armour
 + Level 11.7 Dodging
 + Level 11.4 Invocations
 + Level 7.5 Evocations


You had 15 spell levels left.
You didn't know any spells.
Your spell library contained the following spells:

 Spells                   Type           Power      Damage    Failure   Level
 Apportation              Tloc           0%         N/A       54%         1
 Foxfire                  Conj/Fire      0%         2x1d4     54%         1
 Necrotise                Necr           0%         1d4       54%         1
 Sting                    Conj/Alch      0%         1d3       54%         1
 Summon Small Mammal      Summ           0%         N/A       54%         1
 Ensorcelled Hibernation  Hex/Ice        0%         N/A       67%         2
 Scorch                   Fire           0%         2d5       67%         2
 Call Canine Familiar     Summ           0%         N/A       88%         3
 Fugue of the Fallen      Necr           0%         N/A       88%         3
 Gell's Gravitas          Tloc           0%         N/A       88%         3
 Hailstorm                Conj/Ice       0%         3d5       88%         3
 Ozocubu's Armour         Ice            0%         N/A       88%         3
 Passwall                 Erth           0%         N/A       88%         3
 Sigil of Binding         Hex            0%         N/A       88%         3
 Summon Ice Beast         Ice/Summ       0%         N/A       88%         3
 Swiftness                Air            0%         N/A       88%         3
 Teleport Other           Tloc           0%         N/A       88%         3
 Cause Fear               Hex            0%         N/A       99%         4
 Dimensional Bullseye     Hex/Tloc       0%         N/A       99%         4
 Flame Wave               Conj/Fire      0%         2d4       99%         4
 Manifold Assault         Tloc           0%         N/A       99%         4
 Fireball                 Conj/Fire      0%         3d3       100%        5
 Summon Forest            Summ/Tloc      0%         N/A       100%        5
 Summon Mana Viper        Hex/Summ       0%         N/A       100%        5
 Conjure Ball Lightning   Conj/Air       0%         3x3d6     100%        6
 Dispersal                Tloc           0%         N/A       100%        6
 Eringya's Noxious Bog    Alch           0%         4d6       100%        6
 Plasma Beam              Fire/Air       0%         2x1d10    100%        6
 Sculpt Simulacrum        Ice/Alch       0%         N/A       100%        6
 Starburst                Conj/Fire      0%         6d3       100%        6
 Summon Cactus Giant      Summ           0%         N/A       100%        6
 Monstrous Menagerie      Summ           0%         N/A       100%        7
 Summon Hydra             Summ           0%         N/A       100%        7
 Discord                  Hex            0%         N/A       100%        8
 Disjunction              Tloc           0%         N/A       100%        8
 Dragon's Call            Summ           0%         N/A       100%        9


Dungeon Overview and Level Annotations

Branches:
Dungeon (15/15)            Temple (1/1) D:5            Lair (5/5) D:9
  Swamp (1/4) Lair:2       Spider (0/4) Lair:2        Slime (0/5) Lair:4
    Orc (2/2) D:11            Elf (0/3) Orc:2        Vaults (0/5) D:13
 Depths (0/4) D:15        Gauntlet (visited)

Altars:
Ashenzari
Cheibriados
Dithmenos
Elyvilon
Fedhas
Gozag
Hepliaklqana
Kikubaaqudgha
Makhleb
Nemelex Xobeh
Okawaru
Qazlal
Ru
Sif Muna
Trog
Uskayaw
Vehumet
Wu Jian
Xom
Yredelemnul
Zin
The Shining One
Beogh
Jiyva

Shops:
D:3 [   D:8 *   D:10 (   D:11 *   D:12 :   D:15 *   Orc:1 ?   Orc:2 =?(?=![(=

Annotations:
D:14 2 transporters, Pekkumeq's ghost, adept CoHu


Innate Abilities, Weirdness & Mutations

Your flesh is cold resistant. (rC+)
Your flesh is heat resistant. (rF+)
You can wield a second weapon in your off-hand.
It takes a long time for you to wield or remove held weapons.
Your first few attacks do less damage.
Your grasper-arms cannot wear rings.


Message History

A tyrant leech comes into view.
You impale the alligator with your +3 trishula of holy wrath!!
The alligator is heavily wounded.
You puncture the alligator with the +4 trident of Valiance!
The alligator seems to slow down.
You freeze the alligator.
The eleionoma hurls a spray of splinters at you.
The spray of wooden splinters hits you! You block the spriggan rider's attack.
You puncture the alligator with your +3 trishula of holy wrath!
The alligator is almost dead.
You hit the alligator with the +4 trident of Valiance.
You freeze the alligator.
The spriggan druid completely misses you.
The +0 spectral quarterstaff hits you! The alligator closely misses you. x2
A +0 spectral quarterstaff comes into view.
You hit the alligator with the +4 trident of Valiance.
You freeze the alligator.
The alligator is almost dead.
You impale the alligator with your +3 trishula of holy wrath!!
You kill the alligator!
The spriggan rider hits you from afar with a +0 spear!
The spriggan druid hits you with a +0 spectral quarterstaff!
The +0 spectral quarterstaff misses you.
Your Fighting skill increases to level 12!
Blink to where?
Press: ? - help, Dir - move target
As you read the scroll of blinking, it crumbles to dust.
The eleionoma flows through the trees.
The spriggan rider throws a curare-tipped dart.
The curare-tipped dart misses you. The goliath frog hits you from afar!
* * * LOW HITPOINT WARNING * * *
The acid corrodes you!
You are splashed with acid.
You resist.
* * * LOW HITPOINT WARNING * * *
You block the eleionoma's attack. The goliath frog hits you from afar!
* * * LOW HITPOINT WARNING * * *
You are splashed with acid.
You resist.
* * * LOW HITPOINT WARNING * * *
A swamp worm comes into view.
There is a stone staircase leading down, spattered with blood here.
The goliath frog hits you from afar!
You die...

.......~...~~~~.~♣♣ .~~.~~~~.
~~~~~♣....~~~~....♣♣ .~~.~~~~..
~.).....~.~~~~~....♣♣♣♣.........
.............~~~.~..~♣♣.~~......
##.###.##?..§~~~~~....~~~~.~~~~
#.......#......~~~.~~......~§~~
.......†....♣.§♣~.~...♣§~♣♣....~
..♣♣♣♣..†#i.~~.R♣♣♣♣~.^..♣♣~...~
♣...$....i..@.~♣♣~.~~♣♣♣.....
♣~.....n.i~~~....~§~~~♣♣......
♣♣~~w###.~§§~F...~...♣♣..~....
♣♣.......~~~.♣♣~..~.♣.~..~...
♣.§..(..~~..♣~.w.~§..~~.♣♣♣~ .~
...♣§.~..~~.~.......~♣♣♣.
.♣...~§~..~~~~..♣♣~.♣♣..(
♣♣♣.~~~~~~~~~~~♣♣♣.....♣
~~~~~~~~♣ ♣.~~~§.


You could see an eleionoma, 2 spriggan riders, a spriggan druid, a goliath frog,
a bog body and a swamp worm.

Vanquished Creatures
  Agnes (D:14)
  An orc warlord (Orc:2)
  A minotaur (Gauntlet)
  The ghost of Kely the Martial Artist, a journeyman OpSh of Cheibriados (Lair:4)
  The ghost of Keuse the Skirmisher, a journeyman GnHu of Fedhas (Lair:3)
  An ettin (D:15)
  The ghost of Skimidon the Cleaver, a journeyman MDFi of the Shining One (D:9)
  8 hydras
  The ghost of heinrich the Spear-Bearer, a journeyman GnWn of Nemelex Xobeh (D:10)
  2 alligators (Swamp:1)
  7 centaur warriors
  2 death knights
  A catoblepas (D:14)
  An ogre mage (D:11)
  5 two-headed ogres
  2 dancing weapons
  A merfolk avatar (Lair:5)
  5 boulder beetles
  5 tengu warriors (D:15)
  12 death yaks (Lair:5)
  3 skysharks
  2 orc high priests (Orc:2)
  Amaemon (Lair:1)
  A hell knight (D:15)
  Sonja (D:10)
  A fire crab (Gauntlet)
  A sea snake (Lair:5)
  A sixfirhy (Gauntlet)
  2 goliath frogs (Swamp:1)
  A death drake (Gauntlet)
  A sun moth (shapeshifter) (D:11)
  A mana viper (shapeshifter) (D:11)
  A swamp dragon (Swamp:1)
  A phantasmal warrior (D:13)
  3 orc knights
  4 deep elf pyromancers
  A harpy (Lair:5)
  Pikel (D:8)
  4 orc sorcerers
  8 ugly things
  9 cyclopes
  4 manticores
  32 elephants (Lair:5)
  2 meliai
  3 kobold blastminers (Orc:2)
  7 black mambas
  3 slime creatures (D:12)
  3 rust devils
  A black mamba (shapeshifter) (D:13)
  2 gargoyles (D:12)
  4 orange demons
  A spectral redback (Gauntlet)
  Maggie (D:6)
  11 cane toads
  6 rime drakes
  Jeremiah (D:6)
  4 unseen horrors
  A yaktaur (D:11)
  An efreet (D:14)
  5 komodo dragons
  2 kobold demonologists (D:9)
  2 freezing wraiths
  5 ice devils (D:9)
  2 tengu conjurers
  2 tyrant leeches
  A wind drake (Lair:5)
  A hellwing (D:9)
  12 trolls
  2 hornets
  7 dream sheep (Lair:5)
  10 blink frogs
  5 polar bears
  A snapping turtle (Lair:5)
  Sigmund (D:5)
  2 shadows
  30 yaks
  3 wraiths
  4 ynoxinuls (D:9)
  A water elemental (D:11)
  4 spriggans (D:11)
  6 wyverns
  4 fire bats (Gauntlet)
  Eustachio (D:6)
  2 steam dragons (Lair:5)
  5 wargs
  4 basilisks
  11 vampire mosquitoes
  5 swamp worms
  2 acid dragons
  19 water moccasins
  31 orc warriors
  A swamp drake (Swamp:1)
  An ice beast (D:8)
  2 laughing skulls (D:14)
  2 black bears
  17 centaurs
  10 ogres
  27 wolves
  4 kobold brigands
  A phantom (D:4)
  2 lemures (D:8)
  A wyvern zombie (D:7)
  Blork the orc (D:5)
  11 bullfrogs
  4 gnoll sergeants
  4 scorpions
  3 wights (D:10)
  8 killer bees
  4 howler monkeys
  4 electric eels
  4 crimson imps (D:10)
  A quasit (D:9)
  A bullfrog zombie (D:7)
  18 jellies
  A bombardier beetle (D:5)
  4 hounds
  22 orc priests
  A sleepcap (D:6)
  A boggart zombie (Gauntlet)
  45 orc wizards
  4 iguanas
  Robin (D:2)
  15 gnolls
  12 adders
  3 white imps
  10 ufetubi
  4 dart slugs
  A ribbon worm (D:3)
  105 orcs
  13 ball pythons
  5 endoplasms
  6 giant cockroaches
  13 goblins
  9 hobgoblins
  9 jackals
  3 quokkas
  7 bats
  4 frilled lizards
  18 kobolds
  7 rats
840 creatures vanquished.

Vanquished Creatures (collateral kills)
  2 centaurs (D:14)
2 creatures vanquished.

Vanquished Creatures (others)
  An orc warrior (Orc:2)
1 creature vanquished.

Grand Total: 843 creatures vanquished

Notes
Turn   | Place    | Note
-------+----------+-------------------------------------------
     0 | D:1      | inmateoo the Coglin Gladiator began the quest for the Orb.
     0 | D:1      | Reached XP level 1. HP: 16/16 MP: 1/1
    32 | D:1      | Reached XP level 2. HP: 6/22 MP: 2/2
   112 | D:1      | You fall into a shaft and drop 1 floor!
   124 | D:2      | Found a blossoming altar of Fedhas.
   288 | D:2      | Reached skill level 3 in Polearms
   288 | D:2      | Reached skill level 1 in Armour
   288 | D:2      | Reached XP level 3. HP: 28/28 MP: 3/3
   417 | D:2      | Identified the +10 mace of Cowardice {venom, Dex+3}
   463 | D:2      | Reached XP level 4. HP: 34/34 MP: 4/4
   516 | D:2      | Found a faded altar of an unknown god.
   537 | D:2      | Found a faded altar of an unknown god.
   892 | D:3      | Noticed Robin
   894 | D:3      | Identified the +1 robe "Pyirhi" {rPois Str+3 Dex+3}
   935 | D:2      | Killed Robin
  1062 | D:3      | Reached XP level 5. HP: 34/41 MP: 5/5
  1283 | D:3      | Found Gyosch's Armour Emporium.
  1742 | D:4      | Noticed an ogre
  1744 | D:4      | Killed an ogre
  1745 | D:4      | Reached XP level 6. HP: 43/48 MP: 6/6
  1773 | D:4      | Found an ornate altar of the Wu Jian Council.
  2006 | D:4      | Reached skill level 4 in Polearms
  2145 | D:4      | Noticed an orc warrior
  2153 | D:4      | Killed an orc warrior
  2154 | D:4      | Reached XP level 7. HP: 49/54 MP: 7/7
  2490 | D:5      | Entered Level 5 of the Dungeon
  2529 | D:5      | Reached XP level 8. HP: 61/61 MP: 8/8
  2571 | D:5      | Found a staircase to the Ecumenical Temple.
  2593 | Temple   | Entered the Ecumenical Temple
  2605 | Temple   | Became a worshipper of the Shining One
  2641 | D:5      | Reached skill level 5 in Fighting
  2641 | D:5      | Reached skill level 5 in Polearms
  2667 | D:5      | Noticed Blork the orc
  2673 | D:5      | Killed Blork the orc
  2674 | D:5      | Reached skill level 5 in Dodging
  2822 | D:5      | Found an iron altar of Okawaru.
  2856 | D:5      | Found a sparkling altar of Nemelex Xobeh.
  2902 | D:5      | Noticed Sigmund
  2910 | D:5      | Killed Sigmund
  2911 | D:5      | Reached skill level 6 in Polearms
  2911 | D:5      | Reached skill level 5 in Armour
  3088 | D:6      | Noticed Jeremiah
  3301 | D:5      | Reached skill level 7 in Polearms
  3301 | D:5      | Reached XP level 9. HP: 46/68 MP: 9/9
  3792 | D:3      | Bought a +2 ring mail of cold resistance for 273 gold
                  | pieces
  3872 | D:6      | Noticed Maggie
  3873 | D:6      | Noticed Eustachio
  3892 | D:6      | Killed Maggie
  3893 | D:6      | Reached skill level 8 in Polearms
  3894 | D:6      | Killed Eustachio
  4289 | D:6      | Killed Jeremiah
  4290 | D:6      | Reached skill level 9 in Polearms
  5160 | D:7      | Found a transporter.
  5268 | D:7      | Found a hazy altar of Hepliaklqana.
  5390 | D:7      | Reached skill level 10 in Polearms
  5396 | D:7      | Reached * piety under the Shining One
  5397 | D:7      | Reached XP level 10. HP: 67/74 MP: 10/10
  5740 | D:7      | Found a basalt altar of Yredelemnul.
  5866 | D:7      | Found a transporter.
  6714 | D:8      | Noticed Pikel
  6724 | D:8      | Killed Pikel
  7085 | D:8      | Found Linang's Demolitions Depot.
  7186 | D:9      | Noticed a rust devil
  7187 | D:9      | Noticed an orange demon
  7203 | D:8      | Killed a rust devil
  7449 | D:8      | Killed an orange demon
  8030 | D:9      | Found an ancient bone altar of Kikubaaqudgha.
  8059 | D:9      | Noticed an orange demon
  8077 | D:9      | Killed an orange demon
  8077 | D:9      | Reached ** piety under the Shining One
  8078 | D:9      | Reached XP level 11. HP: 83/83 MP: 11/11
  8227 | D:9      | Found a staircase to the Lair.
  8251 | D:9      | Reached skill level 11 in Polearms
  8648 | D:9      | Reached skill level 1 in Invocations
  8666 | D:9      | Reached *** piety under the Shining One
  8681 | D:9      | Found a shadowy altar of Dithmenos.
  9085 | D:9      | Identified the blade talisman of Gallantry {Str+2}
  9236 | D:9      | Found a runed translucent door.
  9340 | D:9      | Noticed Skimidon's ghost (journeyman MDFi)
  9342 | D:9      | Identified a scroll of acquirement
  9342 | D:9      | Acquired the +6 glaive "Lyqa" {protect, Str+6 Dex-3}
  9406 | D:9      | Killed Skimidon's ghost
  9607 | D:9      | Identified the +1 pair of boots of Goxaurid {rPois rC+}
  9683 | D:10     | Entered Level 10 of the Dungeon
  9711 | D:10     | Reached XP level 12. HP: 66/93 MP: 13/13
  9895 | D:10     | Noticed Sonja
  9909 | D:10     | Killed Sonja
  9985 | D:10     | Found a shimmering altar of Xom.
  9986 | D:10     | Reached **** piety under the Shining One
 10247 | D:10     | Found a stormy altar of Qazlal.
 10248 | D:10     | Found a shimmering blue altar of Sif Muna.
 10418 | D:10     | Found Woluch's Weapon Shop.
 10794 | D:11     | Noticed a death knight
 10795 | D:11     | Noticed an ogre mage
 10815 | D:11     | Killed a death knight
 10914 | D:11     | Killed an ogre mage
 11153 | D:11     | Reached skill level 12 in Polearms
 11341 | D:11     | Identified the +8 scale mail of Zelur {Int+4}
 11530 | D:11     | Found a staircase to the Orcish Mines.
 11967 | D:11     | Found Oteremuwn's Assorted Antiques.
 11975 | D:11     | Bought a scroll labelled USHRIP BAGOPN for 27 gold pieces
 11975 | D:11     | Bought a scroll labelled USHRIP BAGOPN for 27 gold pieces
 11975 | D:11     | Bought a scroll labelled AKIAHI USUMI for 27 gold pieces
 11975 | D:11     | Bought a shimmering ring mail for 243 gold pieces
 11975 | D:11     | Identified the +4 ring mail of Qyrekof {rElec rF- rC++ MP+9
                  | Dex-5} (You bought it in a shop on level 11 of the Dungeon)
 11975 | D:11     | Bought an embroidered cloak for 202 gold pieces
 12002 | D:11     | Noticed a boulder beetle
 12016 | D:11     | Killed a boulder beetle
 12096 | D:11     | Noticed a boulder beetle
 12108 | D:11     | Killed a boulder beetle
 12109 | D:11     | Gained mutation: Your flesh is cold resistant. (rC+)
                  | [Coglin growth]
 12109 | D:11     | Gained mutation: Your flesh is heat resistant. (rF+)
                  | [Coglin growth]
 12109 | D:11     | Reached XP level 13. HP: 71/101 MP: 16/16
 12359 | D:11     | Found a runed translucent door.
 12361 | D:11     | Noticed heinrich's ghost (journeyman GnWn)
 12361 | D:11     | Identified the +4 trident of Valiance {freeze, rElec Dex+6}
 12560 | D:11     | Reached skill level 5 in Invocations
 12809 | D:10     | Killed heinrich's ghost
 13275 | D:12     | Found Addetag's Book Emporium.
 13411 | D:12     | Reached skill level 10 in Fighting
 13656 | D:12     | Reached ***** piety under the Shining One
 14424 | D:13     | Reached skill level 13 in Polearms
 14428 | D:13     | Reached skill level 10 in Armour
 14428 | D:13     | Reached skill level 10 in Dodging
 14655 | D:13     | Reached XP level 14. HP: 110/110 MP: 18/18
 14762 | D:13     | Found a gate to the Vaults.
 15207 | D:13     | Identified the +0 chain mail of Noon {+Inv rElec}
 16183 | D:14     | Found an iron altar of Okawaru.
 16193 | D:14     | Noticed Agnes
 16207 | D:14     | Killed Agnes
 16218 | D:14     | Found a transporter.
 16225 | D:14     | Noticed Pekkumeq's ghost (adept CoHu)
 16335 | D:14     | Reached skill level 14 in Polearms
 16557 | D:14     | Found a transporter.
 16764 | D:15     | Entered Level 15 of the Dungeon
 16810 | D:15     | Found a gate leading to a gauntlet.
 16828 | Gauntlet | Entered a Gauntlet
 16828 | Gauntlet | Found a runed translucent door.
 16828 | Gauntlet | Found a transporter.
 16828 | Gauntlet | Found a runed translucent door.
 16835 | Gauntlet | Found a transporter.
 16837 | Gauntlet | Found a transporter.
 16848 | Gauntlet | Found a transporter.
 16851 | Gauntlet | Found a transporter.
 16861 | Gauntlet | Found a transporter.
 16876 | Gauntlet | Found a transporter.
 16888 | Gauntlet | Found a transporter.
 16895 | Gauntlet | Found a runed translucent door.
 16901 | Gauntlet | Found a transporter.
 16914 | Gauntlet | Found a transporter.
 16929 | Gauntlet | Found a transporter.
 16929 | Gauntlet | Found a transporter.
 16970 | Gauntlet | Found a transporter.
 16985 | Gauntlet | Found a transporter.
 17279 | Gauntlet | Identified the +0 pair of gloves of Death Resistance {Fly
                  | Will- rCorr Str+2}
 17684 | D:15     | Reached skill level 10 in Invocations
 17894 | D:15     | Reached ****** piety under the Shining One
 17919 | D:15     | HP: 2/110 [warg[an orc knight] (17)]
 18199 | D:15     | Found a staircase to the Depths.
 18266 | D:15     | Reached XP level 15. HP: 115/115 MP: 22/22
 18296 | D:15     | Found Divyonk's Mass Market.
 19063 | Lair:1   | Entered Level 1 of the Lair of Beasts
 19537 | Lair:1   | Noticed Amaemon
 19546 | Lair:1   | Killed Amaemon
 19782 | Lair:2   | Found a staircase to the Swamp.
 19859 | Lair:2   | Reached skill level 1 in Evocations
 20042 | Lair:2   | Identified the +3 dagger "Zudout" {freeze, Will+ Dex+3
                  | Stlth+}
 20194 | Lair:2   | Found a hole to the Spider Nest.
 21202 | Lair:3   | Found a runed translucent door.
 21202 | Lair:3   | Found a shimmering altar of Xom.
 21202 | Lair:3   | Noticed Keuse's ghost (journeyman GnHu)
 21203 | Lair:3   | Identified the +9 rapier of Symmetry {chaos, rN+++ MP+9
                  | Stlth+}
 21373 | Lair:3   | Killed Keuse's ghost
 21460 | Lair:4   | Found a hide-covered altar of Uskayaw.
 21470 | Lair:4   | Identified the +5 mace "Miaclo Taxt" {freeze, Str+3}
 21568 | Lair:4   | Found a staircase to the Slime Pits.
 21568 | Lair:4   | Found a viscous altar of Jiyva.
 21676 | Lair:4   | Found a runed translucent door.
 21677 | Lair:4   | Found a shimmering altar of Xom.
 21677 | Lair:4   | Noticed Kely's ghost (journeyman OpSh)
 22345 | Lair:4   | Killed Kely's ghost
 22568 | Lair:5   | Entered Level 5 of the Lair of Beasts
 22794 | Lair:5   | Reached XP level 16. HP: 47/125 MP: 24/24
 22817 | Lair:5   | Reached skill level 5 in Evocations
 23808 | Lair:5   | Identified a +2 trishula of holy wrath (a +0 demon trident
                  | blessed by the Shining One)
 23808 | Lair:5   | Received a gift from the Shining One
 24468 | Orc:1    | Entered Level 1 of the Orcish Mines
 24496 | Orc:1    | Reached skill level 15 in Polearms
 24762 | Orc:2    | Entered Level 2 of the Orcish Mines
 24776 | Orc:2    | Found Tulotuf's Magic Scroll Shoppe.
 24792 | Orc:2    | Found a staircase to the Elven Halls.
 24796 | Orc:2    | Bought a scroll of enchant weapon for 82 gold pieces
 24811 | Orc:2    | Found Lerypt's Jewellery Emporium.
 24881 | Orc:2    | Found a roughly hewn altar of Beogh.
 24973 | Orc:2    | Found Zasi's Distillery.
 24983 | Orc:2    | Bought a potion of might for 56 gold pieces
 24983 | Orc:2    | Bought a potion of mutation for 112 gold pieces
 24983 | Orc:2    | Bought a potion of haste for 140 gold pieces
 25196 | Orc:2    | Found Poihuage's Jewellery Shoppe.
 25257 | Orc:2    | Found a roughly hewn altar of Beogh.
 25284 | Orc:2    | Found a roughly hewn altar of Beogh.
 25303 | Orc:2    | Found Ixitetib's Antique Weapon Emporium.
 25339 | Orc:2    | Found Veuhar's Antique Weapon Boutique.
 25340 | Orc:2    | Found a roughly hewn altar of Beogh.
 25341 | Orc:2    | Found Yfeghy's Antique Armour Shop.
 25387 | Orc:2    | Found a roughly hewn altar of Beogh.
 25388 | Orc:2    | Found Killioqa's Jewellery Emporium.
 25566 | Orc:2    | Found Zas Cesch's Magic Scroll Shoppe.
 25658 | Orc:2    | Found a roughly hewn altar of Beogh.
 25914 | Orc:1    | Found Icaz's Magic Scroll Shoppe.
 25926 | Orc:1    | Bought a scroll of teleportation for 48 gold pieces
 25926 | Orc:1    | Bought a scroll of teleportation for 48 gold pieces
 26229 | Swamp:1  | Entered Level 1 of the Swamp
 26339 | Swamp:1  | Slain by a goliath frog

Illustrated notes

Levels and vault maps discovered:
D:1:      grunt_arrival_crossed_arrows, layout_basic, serial_shops, shop, shop,
          nicolae_shop_tiny_waterfront, nicolae_shop_real_fake_doors,
          corner_web_ring
D:2:      minmay_razor_zed, layout_rooms, basic_altar,
          hellmonk_ecumenical_altar_the_god_not_taken
D:3:      layout_basic, serial_shops, nicolae_shop_getting_attention, uniq_robin
D:4:      layout_loops_ring, nzn_wu_jian_contemplation, minmay_cupped
D:5:      layout_rooms, nemelex_xobeh_ov_fountains_minmay,
          mainiacjoe_overflow_24_doors, temple_statues,
          kennysheep_generic_room_9, uniq_sigmund, uniq_blork_the_orc
D:6:      layout_basic, uniq_eustachio, uniq_jeremiah, uniq_maggie
D:7:      gammafunk_steamed_eel, layout_basic,
          worldfamousw_hep_ancestral_shrine, lemuel_zombie_altar_yredelemnul
D:8:      layout_layer_cave, nicolae_blasting_shop, uniq_pikel
D:9:      minmay_klotski, layout_irregular_city, mainiacjoe_overflow_alcove_1,
          nicolae_dithmenos_the_darkroom, erik_lair_orcish_takeover,
          ebering_ghost_reflecting_pool, serial_demonic, serial_demonic_d,
          serial_demonic_b, serial_demonic_a, serial_demonic_a,
          serial_demonic_e, serial_demonic_f, serial_demonic_f,
          serial_demonic_c, serial_demonic_c, serial_demonic_e
D:10:     layout_cave_pools, led_xom_imps, gammafunk_temple_overflow_statue,
          serial_shops, nicolae_lakefront_shop, uniq_sonja
D:11:     minmay_the_grid_octo_triangle [minmay_the_grid_octo_fat_diamond,
          minmay_the_grid_octo_prize_square_snowflake,
          minmay_the_grid_octo_vomiting_pacman], layout_gridville, david_orc_3,
          ebering_ghost_funeral_grove, serial_shops, nicolae_shop_dealshenge,
          serial_bayou_lagoon_b
D:12:     minmay_concentric_multi, layout_loops_ring, serial_shops, shop
D:13:     layout_stronghold, david_vaults_4
D:14:     layout_irregular_city, okawaru_ov_weapons_minmay,
          gammafunk_ghost_hive, nrook_mini_vaults, uniq_agnes
D:15:     hangedman_depths_entry_civil_slaughter, layout_stronghold,
          corexii_leaking_fountain, gauntlet_entry_generic, minmay_shop_mass
Temple:   hellmonk_temple_flake
Lair:1:   layout_loops_ring, minmay_hedge_maze, lemuel_fruit_tree,
          infiniplex_staircase_pool_2, uniq_amaemon
Lair:2:   layout_cave_pods, palyth_hydra_swamp_entry,
          hellmonk_spider_entry_not_the_bees
Lair:3:   layout_cave_shapes, ebering_ghost_xom, lemuel_fruit_fields,
          grunt_megastairs_1
Lair:4:   layout_cave_pods, minmay_slime_entry_jelly_boxes, ebering_ghost_xom,
          basic_altar
Lair:5:   gammafunk_lair_ancient_temple, layout_small_grid
Swamp:1:  layout_basic_swamp, evilmike_swamp_ruin_house_2,
          nicolae_swamp_spooky_pond, infiniplex_staircase_pool
Orc:1:    layout_diamond_mine, serial_shops, shop_scrolls, nooodl_orcs_dogs
Orc:2:    grunt_orc_community_town_hall, layout_diamond_mine,
          grunt_orc_community_big_house_2, grunt_orc_community_big_house_1,
          grunt_orc_community_house_2, grunt_orc_community_house_1,
          grunt_orc_community_house_3, grunt_orc_community_house_1,
          grunt_orc_community_house_1, serial_shops,
          nicolae_shop_pleasant_corner_grove, nicolae_shop_tiny_real_fake_doors,
          shop, nicolae_shop_gaudy_bauble, nicolae_shop_just_a_little_nook,
          blackcustard_rock_pile

Skill      XL: |  1  2  3  4  5  6  7  8  9 10 11 12 13 14 15 16 |
---------------+-------------------------------------------------+-----
Polearms       | 3 4 7 10 11 12 13 14 15 | 15.2
Armour         | 1 2 3 5 6 7 8 10 11 | 11.7
Dodging        | 3 4 5 6 7 8 10 11 | 11.7
Fighting       | 3 4 5 6 8 9 10 11 12 | 12.0
Invocations    | 2 4 6 10 11 | 11.4
Evocations     | 4 7 |  7.5
Throwing       | |  1.7

Action                     |  1- 3 |  4- 6 |  7- 9 | 10-12 | 13-15 | 16-18 || total
---------------------------+-------+-------+-------+-------+-------+-------++-------
  Melee: Trident           |    73 |       |       |       |  1536 |   680 ||  2289
         Whip              |    27 |    93 |    66 |       |       |       ||   186
         Mace              |     2 |   105 |   124 |   345 |    41 |       ||   617
         Spear             |       |       |    79 |   422 |   121 |       ||   622
         Glaive            |       |       |       |    24 |       |       ||    24
         Trishula          |       |       |       |       |       |   257 ||   257
  Throw: Javelin           |       |       |       |     4 |       |       ||     4
 Invoke: Summon Divine War |       |       |       |       |     1 |       ||     1
         Brand Weapon With |       |       |       |       |       |     1 ||     1
  Evoke: Wand              |       |       |       |     4 |     1 |     1 ||     6
         Phantom mirror    |       |       |       |       |     1 |       ||     1
    Use: Scroll            |       |     5 |    10 |     8 |    10 |     4 ||    37
         Potion            |       |       |     3 |     3 |     4 |       ||    10
   Stab: Sleeping          |     2 |     2 |     1 |       |       |       ||     5
 Armour: Leather armour    |    41 |    71 |    58 |       |       |       ||   170
         Ring mail         |       |       |    43 |   309 |   380 |   172 ||   904
         Skin              |       |       |     4 |    23 |    28 |       ||    55
  Dodge: Dodged            |    38 |   113 |    74 |   332 |   413 |   205 ||  1175
         Repelled          |     1 |     2 |       |     2 |    10 |     3 ||    18
  Block: Other             |       |    13 |    22 |    89 |   115 |    53 ||   292
         Reflection        |       |       |     1 |     8 |    10 |     5 ||    24

Table legend: (Time is in decaauts)
 A = Elapsed time spent in this place.
 B = Non-inter-level travel time spent in this place.
 C = Inter-level travel time spent in this place.
 D = Time resting spent in this place.
 E = Time spent auto-exploring this place.
 F = Levels seen in this place.
 G = Mean time per level.
                   A        B        C        D        E       F      G
               +--------+--------+--------+--------+--------+-----+--------+
         Total |  26027 |  24810 |   1217 |   8075 |  11940 |  25 | 1041.1 |
       Dungeon |  18677 |  17789 |    888 |   7257 |   7248 |  15 | 1245.1 |
        Temple |     23 |     23 |      0 |      0 |      0 |   1 |   23.0 |
          Lair |   5170 |   4917 |    253 |    654 |   3402 |   5 | 1034.0 |
         Swamp |    101 |    101 |      0 |      0 |     36 |   1 |  101.0 |
  Orcish Mines |   1549 |   1475 |     74 |     54 |   1038 |   2 |  774.5 |
      Gauntlet |    504 |    504 |      0 |    109 |    215 |   1 |  504.0 |
               +--------+--------+--------+--------+--------+-----+--------+

Top non-repeatable levels by time:
    D:11: 2405 daAuts
     D:9: 1800 daAuts
     D:8: 1750 daAuts
  Lair:5: 1646 daAuts
    D:15: 1574 daAuts
    D:13: 1542 daAuts
     D:6: 1421 daAuts
    D:12: 1259 daAuts
    D:10: 1235 daAuts
     D:7: 1179 daAuts
  Lair:4: 1173 daAuts
  Lair:2: 1128 daAuts
     D:5: 1056 daAuts
     D:4: 925 daAuts
     D:2: 922 daAuts
